 Dungeon Crawl Stone Soup version 0.27.1-3-gb3d3a73c9e (webtiles) character file.

Game seed: 1948825845595364499

84 DearestLeader the Skirmisher (level 4, -1/41 HPs)
             Began as a Gnoll Wanderer on Oct 13, 2021.
             Slain by a gnoll (12 damage)
             ... on level 1 of the Dungeon.
             The game lasted 00:02:58 (1777 turns).

DearestLeader the Skirmisher (Gnoll Wanderer)       Turns: 1777, Time: 00:02:58

Health: -1/41      AC:  2    Str:  8    XL:     4   Next: 46%
Magic:  1/5        EV: 14    Int: 10    God:
Gold:   93         SH:  0    Dex: 17    Spells: 4/5 levels left

rFire    . . .     SeeInvis .   a - +2 dagger
rCold    . . .     Faith    .   (no shield)
rNeg     . . .     Spirit   .   d - +0 robe
rPois    .         Reflect  .   (no helmet)
rElec    .         Harm     .   (no cloak)
rCorr    +         Rampage  .   (no gloves)
Will     .....                  (no boots)
Stlth    ++........             (no amulet)
HPRegen  0.13/turn              k - ring of resist corrosion
MPRegen  0.09/turn              (no ring)

@: no status effects
A: fangs 1, strong nose, distributed training
a: no special abilities


You were on level 1 of the Dungeon.
You visited 1 branch of the dungeon, and saw 2 of its levels.

You collected 93 gold pieces.

Inventory:

Hand Weapons
 a - a +2 dagger (weapon)
 c - a +0 spear
Missiles
 b - 2 curare-tipped darts (quivered)
Armour
 d - a +0 robe (worn)
Jewellery
 k - a ring of resist corrosion (left hand)
Scrolls
 e - a scroll of blinking {unknown}
 g - a scroll of noise {unknown}
 h - 2 scrolls of identify {unknown}
 i - a scroll of amnesia {unknown}
Potions
 f - a potion of flight {unknown}
 j - a potion of curing {unknown}
 l - a potion of lignification {unknown}


   Skills:
 + Level 6.6 Fighting
 + Level 1.1 Short Blades
 + Level 1.1 Long Blades
 + Level 1.1 Axes
 + Level 1.1 Maces & Flails
 + Level 1.1 Polearms
 + Level 1.1 Staves
 + Level 1.1 Slings
 + Level 1.1 Bows
 + Level 1.1 Crossbows
 + Level 2.7 Throwing
 + Level 1.1 Armour
 + Level 4.6 Dodging
 + Level 2.5 Stealth
 + Level 1.1 Shields
 + Level 1.1 Unarmed Combat
 + Level 1.1 Spellcasting
 + Level 0.9 Conjurations
 + Level 0.9 Hexes
 + Level 0.9 Summonings
 + Level 0.9 Necromancy
 + Level 0.9 Translocations
 + Level 2.2 Transmutations
 + Level 3.8 Fire Magic
 + Level 0.9 Ice Magic
 + Level 0.9 Air Magic
 + Level 0.9 Earth Magic
 + Level 0.9 Poison Magic
 + Level 1.2 Invocations
 + Level 1.1 Evocations


You had 4 spell levels left.
You knew the following spells:

 Your Spells              Type           Power      Damage    Failure   Level
a - Foxfire               Conj/Fire      20%        2x1d5     13%         1

Your spell library contained the following spells:

 Spells                   Type           Power      Damage    Failure   Level
 Conjure Flame            Conj/Fire      5%         6-21      36%         3


Dungeon Overview and Level Annotations

Branches:
Dungeon (2/15)

Altars:
Kikubaaqudgha

Shops:
D:1 :


Innate Abilities, Weirdness & Mutations

You have very sharp teeth.
Your uncanny sense of smell can sniff out nearby items.
Your experience applies equally to all skills.


Message History

The gnoll is heavily wounded.
The bat hits you but does no damage. The gnoll closely misses you.
The frilled lizard misses you. The gnoll hits you with a +0 flail!
* * * LOW HITPOINT WARNING * * *
The bat closely misses you. The bat hits you.
* * * LOW HITPOINT WARNING * * *
The bat misses you. The gnoll barely misses you.
There is a stone staircase leading up here.
Unknown command.
Casting: Foxfire (safe; 13% risk of failure)
Confirm with . or Enter, or press ? or * to list all spells.
You don't know that spell.
The bat completely misses you. The gnoll misses you.
The gnoll barely misses you.
You climb upwards.
There is a stone staircase leading down here.
The gnoll misses you.
Unknown command.
The gnoll misses you.
You hit the gnoll.
You kill the gnoll!
Casting: Foxfire (safe; 13% risk of failure)
Confirm with . or Enter, or press ? or * to list all spells.
You conjure some foxfire!
The gnoll barely misses you.
The foxfire hits the gnoll.
The gnoll is heavily wounded.
The foxfire hits the gnoll.
The gnoll is severely wounded.
Casting: Foxfire (safe; 13% risk of failure)
Confirm with . or Enter, or press ? or * to list all spells.
You conjure some foxfire!
The gnoll closely misses you.
The foxfire hits the gnoll.
The gnoll is severely wounded.
The foxfire hits the gnoll.
The gnoll is almost dead.
Unknown command.
Casting: Foxfire (safe; 13% risk of failure)
Confirm with . or Enter, or press ? or * to list all spells.
You conjure some foxfire!
The gnoll hits you with a +0 flail!
You die...

##.## ###...##..........#.....
#...# #.......###.##.......#.#
#...# #.#####.###.##.#.......#
#...# ####.# #.....##..........
#...###....# #.###########.####
#...#...##.# #...#.....# #.#
.........#.#####.........# #.#
.........................# #.#
.........#.#.##v@......>.###.####
#...#...##>....vg..#.....##......
#...###...........#########..####
#...# ####.#.###.### #....##
#...# #.#..##...# #.##.## ....#
#.##.##...### #)##.##
##########.##........######......
#.............#.............##
####.#####.##....#...###########


You could see a gnoll (ally target).

Vanquished Creatures
  Jessica (D:2)
  A gnoll (D:1)
  An adder (D:2)
  2 dart slugs (D:2)
  3 endoplasms
  4 goblins
  3 hobgoblins (D:1)
  7 jackals
  2 kobolds
  2 quokkas
  A ball python (D:1)
  2 bats (D:1)
  A frilled lizard (D:2)
  3 rats (D:1)
33 creatures vanquished.

Vanquished Creatures (others)
  10 foxfires
10 creatures vanquished.

Grand Total: 43 creatures vanquished

Notes
Turn   | Place    | Note
-------+----------+-------------------------------------------
     0 | D:1      | DearestLeader the Gnoll Wanderer began the quest for the
                  | Orb.
     0 | D:1      | DearestLeader set off with the following items: a +2
                  | dagger, 2 curare-tipped darts, a +0 spear, a +0 robe; and
                  | the following spell memorised: Foxfire; and the following
                  | spells available to memorise: Conjure Flame
     0 | D:1      | Reached XP level 1. HP: 23/23 MP: 1/1
     2 | D:1      | Found Gapiny Seen's Book Emporium.
   238 | D:1      | Reached XP level 2. HP: 29/29 MP: 2/2
  1016 | D:2      | Reached XP level 3. HP: 22/35 MP: 2/4
  1363 | D:2      | Noticed Jessica
  1368 | D:2      | Killed Jessica
  1369 | D:2      | Reached skill level 1 in Short Blades
  1369 | D:2      | Reached skill level 1 in Long Blades
  1369 | D:2      | Reached skill level 1 in Axes
  1369 | D:2      | Reached skill level 1 in Maces & Flails
  1369 | D:2      | Reached skill level 1 in Polearms
  1369 | D:2      | Reached skill level 1 in Staves
  1369 | D:2      | Reached skill level 1 in Slings
  1369 | D:2      | Reached skill level 1 in Bows
  1369 | D:2      | Reached skill level 1 in Crossbows
  1369 | D:2      | Reached skill level 1 in Armour
  1369 | D:2      | Reached skill level 1 in Shields
  1369 | D:2      | Reached skill level 1 in Unarmed Combat
  1369 | D:2      | Reached skill level 1 in Spellcasting
  1369 | D:2      | Reached skill level 1 in Invocations
  1369 | D:2      | Reached skill level 1 in Evocations
  1369 | D:2      | Reached XP level 4. HP: 41/41 MP: 5/5
  1387 | D:2      | Found an ancient bone altar of Kikubaaqudgha.
  1777 | D:1      | Slain by a gnoll

Illustrated notes

Levels and vault maps discovered:
D:1:      noname_arrival_rooms_in_the_neighbourhood, layout_loops_cross,
          serial_shops, shop
D:2:      layout_basic, basic_altar, chequers_ecumenical_altar_lobes,
          minmay_misc_feat_columns, corexii_item_surrounded_by_moat,
          minmay_tetromino_t2, uniq_jessica

Skill      XL: |  1  2  3 |
---------------+----------+-----
Transmutations | 2 |  2.2
Short Blades   | 1 |  1.1
Long Blades    | 1 |  1.1
Axes           | 1 |  1.1
Maces & Flails | 1 |  1.1
Polearms       | 1 |  1.1
Staves         | 1 |  1.1
Slings         | 1 |  1.1
Bows           | 1 |  1.1
Crossbows      | 1 |  1.1
Armour         | 1 |  1.1
Shields        | 1 |  1.1
Unarmed Combat | 1 |  1.1
Spellcasting   | 1 |  1.1
Invocations    | 1 |  1.2
Evocations     | 1 |  1.1
Fighting       | |  6.6
Throwing       | |  2.7
Dodging        | |  4.6
Stealth        | |  2.5
Conjurations   | |  0.9
Hexes          | |  0.9
Summonings     | |  0.9
Necromancy     | |  0.9
Translocations | |  0.9
Fire Magic     | |  3.8
Ice Magic      | |  0.9
Air Magic      | |  0.9
Earth Magic    | |  0.9
Poison Magic   | |  0.9

Action                   |  1- 3 |  4- 6 || total
-------------------------+-------+-------++-------
Melee: Dagger            |   102 |    27 ||   129
       Bite              |    12 |     4 ||    16
 Cast: Foxfire           |       |     9 ||     9
 Stab: Sleeping          |     5 |     3 ||     8
Armor: Robe              |    10 |     5 ||    15
Dodge: Dodged            |    70 |    36 ||   106
